 Dungeon Sprint DCSS version 0.17.0-24-gcfadda4 (webtiles) character file.

317 George the Grappler (level 6, -5/68 HPs)
             Began as a Troll Berserker on Nov 16, 2015.
             Was a High Priest of Trog.
             Slain by a wasp (9 damage)
             ... in the Dungeon (Sprint IX: "|||||||||||||||||||||||||||||").
             The game lasted 00:00:51 (141 turns).

George the Grappler (Troll Berserker)                Turns: 141, Time: 00:00:52

Health: -5/68      AC:  5    Str: 31    XL:     6   Next: 20%
Magic:  5/5        EV: 13    Int:  3    God:    Trog [*****.]
Gold:   0          SH:  0    Dex: 12    Spells: 0 memorised, 5 levels left

rFire  . . .     SeeInvis .       - Unarmed
rCold  . . .     Clarity  .     a - +0 animal skin
rNeg   . . .     SustAt   .     (no shield)
rPois  .         Gourm    +     (helmet restricted)
rElec  .         Spirit   .     (no cloak)
rCorr  .         Warding  .     (gloves unavailable)
rMut   .         NoTele   +     (boots unavailable)
MR     .....                    (no amulet)
Stlth  +.........               n - +3 ring of dexterity
                                m - +3 ring of strength

@: lethally poisoned (-5 -> -6), slowed, very slow, not resistant to hostile
enchantments, very unstealthy
A: unfitting armour, claws 3, fast metabolism 3, gourmand, regeneration 2,
shaggy fur 1, tough skin 2
a: Berserk, Trog's Hand, Brothers in Arms, Burn Spellbooks, Renounce Religion


You were in the Dungeon.
You worshipped Trog.
Trog was extremely pleased with you.
You were very full.

You visited 1 branch

Inventory:

Hand Weapons
 l - a +2 morningstar of crushing
Armour
 a - a +0 animal skin (worn)
Jewellery
 m - a +3 ring of strength (left claw)
 n - a +3 ring of dexterity (right claw)
Wands
 k - a wand of draining (7)
Scrolls
 h - 2 scrolls of blinking
 j - 3 scrolls of remove curse
Potions
 c - 5 potions of curing
 d - 3 potions of heal wounds
 e - a potion of haste
 f - 4 potions of magic
 g - a potion of berserk rage
 i - a potion of invisibility
Comestibles
 b - 2 bread rations


   Skills:
 + Level 6.8 Fighting
 + Level 6.8 Dodging
 + Level 8.3 Unarmed Combat


You had 5 spell levels left.
You didn't know any spells.

Dungeon Overview and Level Annotations

Branches:
Dungeon (1/1)

Altars:
Cheibriados
Dithmenos
Elyvilon
Fedhas
Gozag
Kikubaaqudgha
Makhleb
Nemelex Xobeh
Okawaru
Qazlal
Ru
Sif Muna
Trog
Vehumet
Xom
Yredelemnul
Zin
The Shining One
Beogh
Jiyva
Lugonu


Innate Abilities, Weirdness & Mutations

You are too large for most types of armour.
You have claws for hands.
Your metabolism is lightning-fast.
You like to eat raw meat.
You heal very quickly.
You are covered in fur (AC +1).
You have very tough skin (AC +2).


Message History

You feel yourself slow down.
You scratch the wasp but do no damage.
You feel yourself speed up.
You feel sick. The wasp stings you but does no damage.
The wasp barely misses you.
You scratch the wasp.
The wasp is lightly wounded.
The wasp misses you.
You scratch the wasp.
The wasp is moderately wounded.
The wasp stings you!
* * * LOW HITPOINT WARNING * * *
You feel yourself slow down.
You miss the wasp.
The wasp is moderately wounded.
The wasp stings you!
* * * LOW HITPOINT WARNING * * *
You feel as though you will be slow longer.
The wasp stings you!
You die...

▓?▓
▓|▓
▓)▓
▓[▓
▓[▓
▓[▓
▓.▓
▓.▓
▓@▓
▓y▓
▓.▓
▓.▓
▓.▓
▓.▓
▓.▓
▓+▓


You could see a wasp.

Vanquished Creatures
  A wasp (D)
  A centaur (D)
  A giant frog (D)
  A crimson imp (D)
  An iguana (D)
  A worker ant (D)
  A giant gecko (D)
  2 bats (D)
  A giant cockroach (D)
  A ball python skeleton (D)
  A giant newt (D)
  A goblin (D)
  2 rats (D)
15 creatures vanquished.

Vanquished Creatures (others)
  A spatial maelstrom (D)
1 creature vanquished.

Grand Total: 16 creatures vanquished

Notes
Turn   | Place    | Note
--------------------------------------------------------------
     0 | D        | George the Troll Berserker began the quest for the Orb.
     0 | D        | Reached XP level 1. HP: 22/22 MP: 0/0
     2 | D        | Banished a spatial maelstrom
     9 | D        | Reached ** piety under Trog
    30 | D        | Noticed an iguana
    30 | D        | Noticed a crimson imp
    30 | D        | Noticed a worker ant
    32 | D        | Reached *** piety under Trog
    39 | D        | Killed an iguana
    39 | D        | Reached skill level 4 in Unarmed Combat
    39 | D        | Reached XP level 2. HP: 20/32 MP: 1/1
    39 | D        | Reached XP level 3. HP: 24/39 MP: 2/2
    45 | D        | Killed a worker ant
    45 | D        | Reached skill level 5 in Unarmed Combat
    51 | D        | Killed a crimson imp
    51 | D        | Reached **** piety under Trog
    51 | D        | Reached XP level 4. HP: 36/49 MP: 3/3
    77 | D        | Found a glowing silver altar of Zin.
    77 | D        | Found a glowing golden altar of the Shining One.
    77 | D        | Found an ancient bone altar of Kikubaaqudgha.
    77 | D        | Found a basalt altar of Yredelemnul.
    77 | D        | Found a shimmering altar of Xom.
    77 | D        | Found a radiant altar of Vehumet.
    78 | D        | Found an iron altar of Okawaru.
    79 | D        | Found a burning altar of Makhleb.
    80 | D        | Found a deep blue altar of Sif Muna.
    81 | D        | Found a bloodstained altar of Trog.
    82 | D        | Found a sparkling altar of Nemelex Xobeh.
    83 | D        | Found a white marble altar of Elyvilon.
    84 | D        | Found a roughly hewn altar of Beogh.
    85 | D        | Found a viscous altar of Jiyva.
    86 | D        | Found a corrupted altar of Lugonu.
    87 | D        | Found a blossoming altar of Fedhas.
    88 | D        | Found a snail-covered altar of Cheibriados.
    89 | D        | Found a shadowy altar of Dithmenos.
    90 | D        | Found a stormy altar of Qazlal.
    91 | D        | Found an opulent altar of Gozag.
    92 | D        | Found a sacrificial altar of Ru.
   119 | D        | Noticed a wasp
   119 | D        | Noticed a centaur
   119 | D        | Noticed a giant frog
   119 | D        | Noticed a wasp
   128 | D        | Killed a wasp
   128 | D        | Reached skill level 5 in Fighting
   128 | D        | Reached skill level 5 in Dodging
   128 | D        | Reached skill level 7 in Unarmed Combat
   128 | D        | Reached XP level 5. HP: 18/59 MP: 4/4
   132 | D        | Killed a centaur
   135 | D        | Killed a giant frog
   135 | D        | Reached ***** piety under Trog
   135 | D        | Reached skill level 8 in Unarmed Combat
   135 | D        | Reached XP level 6. HP: 21/68 MP: 5/5
   141 | D        | Slain by a wasp

Action                   |  1- 3 |  4- 6 || total
-------------------------+-------+-------++-------
Melee: Unarmed           |    22 |    21 ||    43
  Eat: Chunk             |     2 |     4 ||     6
